 Dungeon Crawl Stone Soup version 0.13.1-20-gf50ca03 (webtiles) character file.

95 Kae the Stinger (level 3, -2/28 HPs)
             Began as a Naga Venom Mage on Dec 30, 2013.
             Slain by an ogre skeleton (13 damage)
             ... on Level 1 of the Dungeon.
             The game lasted 00:03:00 (1848 turns).

Kae the Stinger (Naga Venom Mage)                   Turns: 1848, Time: 00:03:00

HP  -2/28        AC  2     Str 10      XL: 3   Next: 22%
MP   3/6         EV 10     Int 16      God:
Gold 64          SH  0     Dex 11      Spells:  1 memorised,  4 levels left

Res.Fire  : . . .   See Invis. : +   e - -2,-3 orc club (curse)
Res.Cold  : . . .   Warding    : .   a - +0 robe
Life Prot.: . . .   Conserve   : .   (no shield)
Res.Poison: +       Res.Corr.  : .   (no helmet)
Res.Elec. : .       Clarity    : .   (no cloak)
Sust.Abil.: . .     Spirit.Shd : .   (no gloves)
Res.Mut.  : .       Stasis     : .   (no barding)
Res.Rott. : .       Flight     : .   (no amulet)
Saprovore : . . .                    (no ring)
                                     (no ring)

@: very slow, slightly resistant to hostile enchantments, fairly stealthy
A: spit poison, see invisible, deformed body, poison resistance, slowness 2, AC
+1
a: Spit Poison


You were on level 1 of the Dungeon.
You were near starving.

You visited 1 branch of the dungeon, and saw 1 of its levels.

You collected 44 gold pieces.

Inventory:

Hand weapons
 e - a cursed -2,-3 orcish club (weapon)
 i - a +0,+0 dagger (quivered)
 k - a +0,+0 short sword
Armour
 a - a +0 robe (worn)
Comestibles
 c - a bread ration
Scrolls
 d - 2 scrolls of identify {unknown}
 g - 3 scrolls of curse jewellery {unknown}
 h - 2 scrolls of fog {unknown}
 j - a scroll of random uselessness {unknown}
 l - a scroll of teleportation {unknown}
Potions
 f - a potion of heal wounds
 m - a potion of curing {unknown}
Books
 b - a Young Poisoner's Handbook

   Spells                             Type                      Level
   *Sting                             Conjuration/Poison           1
   Cure Poison                        Poison                       2
   Mephitic Cloud                     Conjuration/Poison/Air       3
   Olgreb's Toxic Radiance            Poison                       4
   Venom Bolt                         Conjuration/Poison           5


   Skills:
 - Level 1.5 Dodging
 - Level 3.0 Stealth
 + Level 1.7 Spellcasting
 * Level 6.2 Poison Magic


You had 4 spell levels left.
You knew the following spells:

 Your Spells              Type           Power        Failure   Level  Hunger
a - Sting                 Conj/Pois      ##..         8%          1    ##.....


Dungeon Overview and Level Annotations

Branches:
Dungeon (1/27)

Altars:


Innate Abilities, Weirdness & Mutations

You cannot wear boots.
You can spit poison.
Your serpentine skin is tough (AC +1).
You have supernaturally acute eyesight.
Armour fits poorly on your strangely shaped body.
Your system is resistant to poisons.
You cover ground very slowly.


Message History

You hit the ogre skeleton. The ogre skeleton barely misses you.
You hit the ogre skeleton. The ogre skeleton closely misses you.
You hit the ogre skeleton but do no damage.
The ogre skeleton closely misses you.
Use which ability? (? or * to list)
Press: ? - help, Shift-Dir - straight line, f - ogre skeleton
Aim: an ogre skeleton The splash of poison hits the ogre skeleton.
The ogre skeleton completely resists.
You are near starving!
The ogre skeleton misses you.
You hit the ogre skeleton. The ogre skeleton closely misses you.
You hit the ogre skeleton. The ogre skeleton barely misses you.
You hit the ogre skeleton. The ogre skeleton hits you.
* * * LOW HITPOINT WARNING * * *
You hit the ogre skeleton. The ogre skeleton barely misses you.
You completely miss the ogre skeleton.
You have got your breath back.
The ogre skeleton hits you!
You die...

#########....### ####.≈≈≈###
##...(##..###...####f...≈≈≈≈≈#
........### ##...##..#####≈##≈≈ #
.######.# ##...#f.## # #### ##
### #...###.## ###...
###..###..## ##.....
#######.....###..# ##......
##)...#.......#'#.# #.......
#####..#.....###@Z.#######.......
.##...###...## ##..#....#........
..##..#..#..## ##....##......%...
..# #...##...###...#'####........
.####...###.......###%# ##.......
####...## ##.....## #.####......(
###..### ##..### ##.#.##......
.#...# ##.. ###.# ##..... ....##
##.. ##..## ###...


You could see an ogre skeleton.

Vanquished Creatures
  An ooze (D:1)
  5 bats (D:1)
  3 goblins (D:1)
  6 hobgoblins (D:1)
  3 jackals (D:1)
  2 kobolds (D:1)
  2 giant geckos (D:1)
  A giant newt (D:1)
  2 rats (D:1)
25 creatures vanquished.

Notes
Turn   | Place    | Note
--------------------------------------------------------------
     0 | D:1      | Kae, the Naga Venom Mage, began the quest for the Orb.
     0 | D:1      | Reached XP level 1. HP: 15/15 MP: 3/3
   443 | D:1      | Reached XP level 2. HP: 1/22 MP: 0/4
  1261 | D:1      | HP: 1/22 [ooze (1)]
  1266 | D:1      | Reached skill level 6 in Poison Magic
  1548 | D:1      | Reached XP level 3. HP: 28/28 MP: 0/6
  1848 | D:1      | Slain by an ogre skeleton

Action                   || total
-------------------------++-------
Melee: Club              ||    99
       Unarmed           ||     6
 Cast: Sting             ||    49
 Abil: Spit Poison       ||     3
  Use: Potion            ||     1
 Stab: Sleeping          ||     2
